[Event "Early-Titled-Tuesday-Blitz-January-23-2024"]
[Site "Chess.com"]
[Date "2024.01.23"]
[Round "5"]
[White "Kapitan_Bayan"]
[Black "leepday"]
[Result "1/2-1/2"]
[WhiteElo "2319"]
[BlackElo "2165"]
[TimeControl "180+1"]
[EndTime "8:55:19 PST"]
[Termination "Game drawn by repetition"]

1. e4 c6 2. d4 d5 3. exd5 cxd5 4. Nf3 Nf6 5. Ne5 a6 6. c3 Bf5 7. Bd3 Bxd3 8. Nxd3 e6 9. O-O Bd6 10. Bf4 O-O 11. Nd2 Nc6 12. Qf3 Qc7 13. Rfe1 Rae8 14. Bxd6 Qxd6 15. Ne5 Ne7 16. Qd3 Ng6 17. Ndf3 Nf4 18.
Qd2 Ng6 19. Nxg6 fxg6 20. Qd3 Ne4 21. Re2 Rf5 22. Ne5 Rh5 23. f3 Ng5 24. Rae1 Rf8 25. h3 Rf4 26. Qe3 Rfh4 27. Qd3 Nxh3+ 28. gxh3 Rxh3 29.
Rg2 Qe7 30. Ng4 Rh1+ 31. Kf2 Qh4+ 32. Rg3 Rxe1 33. Kxe1 Qxg3+ 34. Kd2 Rh1 35. Qe3 Qg2+ 36.
Nf2 Rh2 37. Qxe6+ Kf8 38. Qd6+ Ke8 39. Qe6+ Kd8 40. Qd6+ Kc8 41. Qf8+ Kc7 42. Qe7+ Kb8 43. Qf8+ Ka7 44. Qc5+ Ka8 45. Qf8+ Ka7 46. Qc5+ Kb8 47. Qf8+ Kc7 48. Qe7+ Kc6 49. Qe6+ Kc7 50. Qe7+ 1/2-1/2

[Event "Early-Titled-Tuesday-Blitz-January-23-2024"]
[Site "Chess.com"]
[Date "2024.01.23"]
[Round "5"]
[White "SashaKuzhilniy"]
[Black "m_ezat"]
[Result "0-1"]
[WhiteElo "2641"]
[BlackElo "2469"]
[TimeControl "180+1"]
[EndTime "8:55:21 PST"]
[Termination "m_ezat won by resignation"]

1. b3 d5 2. Bb2 Nc6 3. Nf3 Bg4 4. e3 a6 5. d4 e6 6. Be2 Nf6 7. Nbd2 Bb4 8. O-O O-O 9. c4 Be7 10. a3 Re8 11. h3 Bh5 12. b4 Bxf3 13. Bxf3 Bf8 14. Qb3 g6 15. Rac1 Bg7 16. a4 h5 17.
b5 Na5 18. Qb4 axb5 19. cxb5 c6 20. Be2 Bf8 21. Qc3 Bd6 22. Ba3 e5 23. Bxd6 Qxd6 24.
Nf3 exd4 25. Nxd4 Ne4 26. Qd3 c5 27. Nf3 b6 28. Rfd1 Rad8 29. Nd2 c4 30. Qc2 Nxd2 31.
Rxd2 Nb3 32. Rcd1 Nxd2 33. Rxd2 Qc5 34. Rd4 Re4 35. Rxe4 dxe4 36. Qxe4 c3 37. Bc4 Kg7 38. Bb3 Rd2 39. Qf4 Qf5 40. Qh4 c2 41. Bxc2 Rxc2 42.
Qd4+ Qf6 43. a5 Qxd4 44. exd4 bxa5 45. b6 Rb2 46. d5 Rxb6 47. d6 0-1

[Event "Early-Titled-Tuesday-Blitz-January-23-2024"]
[Site "Chess.com"]
[Date "2024.01.23"]
[Round "5"]
[White "IsaqueGoncalvesSanto"]
[Black "Chesstiger64"]
[Result "1-0"]
[WhiteElo "1815"]
[BlackElo "2213"]
[TimeControl "180+1"]
[EndTime "8:55:21 PST"]
[Termination "IsaqueGoncalvesSanto won by checkmate"]

1. d4 d6 2. c4 e5 3. dxe5 dxe5 4. Qxd8+ Kxd8 5. a3 Nc6 6. e3 Bf5 7. Nd2 a5 8. b3 f6 9. h3 Bc5 10. Bb2 Nge7 11.
g4 Bg6 12. Bg2 Ke8 13. Ngf3 Kf7 14. Nh4 Rhd8 15. Nxg6 hxg6 16. Ke2 g5 17. h4 gxh4 18. Rxh4 Rh8 19. Rah1 Rxh4 20. Rxh4 a4 21. b4 Nxb4 22.
axb4 Bxb4 23. Rh1 a3 24. Ba1 Ra7 25. Rb1 c5 26. Rb3 Nc8 27. Bd5+ Ke7 28. Ne4 Nd6 29.
Nxd6 Kxd6 30. Rb1 b5 31. e4 bxc4 32. Bxc4 Ra8 33. Rd1+ Ke7 34. Rh1 Rd8 35. Bd5 Kd6 36. Kd3 g6 37. Kc4 Bd2 38. Rb1 Bb4 39. f3 Rh8 40.
Bc3 Bxc3 41. Kxc3 Rh2 42. Ra1 Rf2 43. Rxa3 Rxf3+ 44. Kb2 Rxa3 45. Kxa3 f5 46. g5 fxe4 47. Bxe4 c4 48. Kb4 c3 49. Kxc3 Kc5 50. Kd3 Kd6 51.
Kc4 Ke6 52. Kc5 Ke7 53. Kd5 Kf8 54. Kxe5 Kg7 55. Ke6 Kh7 56. Kf6 Kh8 57. Bxg6 Kg8 58. Bd3 Kh8 59. g6 Kg8 60. Bc4+ Kh8 61. g7+ Kh7 62.
g8=Q+ Kh6 63. Qg6# 1-0

[Event "Early-Titled-Tuesday-Blitz-January-23-2024"]
[Site "Chess.com"]
[Date "2024.01.23"]
[Round "5"]
[White "Ceejay271"]
[Black "Vazabanga"]
[Result "0-1"]
[WhiteElo "2505"]
[BlackElo "2673"]
[TimeControl "180+1"]
[EndTime "8:55:22 PST"]
[Termination "Vazabanga won on time"]

1. d4 Nf6 2. Nf3 e6 3. c4 b6 4. a3 Ba6 5. Qc2 d5 6. cxd5 Nxd5 7. e4 Bxf1 8. Kxf1 Nf6 9. g3 Be7 10. Kg2 O-O 11. Nc3 Nbd7 12. Rd1 Qc8 13. Bf4 Qb7 14. Kg1 Rac8 15. Rac1 Rfd8 16. Qe2 Nf8 17. Ne5 c5 18.
dxc5 Bxc5 19. Bg5 Be7 20. f3 h6 21. Be3 N8d7 22. Nxd7 Nxd7 23. Nb5 a6 24. Nd6 Bxd6 25.
Rxd6 Rxc1+ 26. Bxc1 Rc8 27. Be3 b5 28. Qd3 Ne5 29.
Qd1 Nc4 30. Rd8+ Kh7 31. Rxc8 Qxc8 32. Bc1 Qc5+ 33. Kg2 Ne5 34. b3 Qc3 35. Bf4 Nd3 36.
Be3 Ne1+ 37. Kf2 Nc2 38. Qd2 Qxb3 39. Bc5 Qc4 40. Be3 Nxa3 0-1

[Event "Early-Titled-Tuesday-Blitz-January-23-2024"]
[Site "Chess.com"]
[Date "2024.01.23"]
[Round "5"]
[White "WiktoriaPOL"]
[Black "Kamilek84"]
[Result "0-1"]
[WhiteElo "2236"]
[BlackElo "2683"]
[TimeControl "180+1"]
[EndTime "8:55:22 PST"]
[Termination "Kamilek84 won on time"]

1. c4 b6 2. e4 c5 3. Nc3 Bb7 4. Nf3 e6 5. d4 cxd4 6. Nxd4 d6 7. Be2 a6 8. O-O Nd7 9. f4 Ngf6 10. Bf3 Qc7 11. Qe2 Be7 12. Be3 O-O 13. Rac1 Rac8 14. b3 Qb8 15. f5 e5 16. Nc2 b5 17. Nd5 Bd8 18. Ncb4 a5 19. Nd3 Bxd5 20. cxd5 Bb6 21. Rc6 Rxc6 22. dxc6 Qa7 23. Re1 Nc5 24. Nxc5 Bxc5 25.
Kh1 Rc8 26. Bg5 Qb6 27. Bxf6 gxf6 28. Rd1 Qxc6 29. Qd2 Kf8 30. Qh6+ Ke7 31. Qxh7 Bd4 32. Bh5 Rf8 33. Bf3 Qc2 34. a3 Qxb3 35. Qh6 Qxa3 36. Rc1 Bc5 37. Qd2 Qe3 38. Qc2 a4 0-1

[Event "Early-Titled-Tuesday-Blitz-January-23-2024"]
[Site "Chess.com"]
[Date "2024.01.23"]
[Round "5"]
[White "MatthewG-p4p"]
[Black "Yeritsyaan"]
[Result "1-0"]
[WhiteElo "2890"]
[BlackElo "2647"]
[TimeControl "180+1"]
[EndTime "8:55:23 PST"]
[Termination "MatthewG-p4p won by resignation"]

1. e4 e5 2. Nf3 Nc6 3. d4 exd4 4. c3 d5 5. exd5 Qxd5 6. cxd4 Nf6 7. Nc3 Bb4 8. Bd3 O-O 9. O-O Qh5 10. h3 Bf5 11. Be2 Rad8 12. Be3 Rfe8 13. Qb3 Bd6 14. Ne5 Qh4 15. Qxf7+ Kh8 16. Nf3 Qh5 17. Qxh5 Nxh5 18. g4 Bc8 19. gxh5 Bxh3 20. Rfe1 Nb4 21. Rac1 Rf8 22. Ng5 Bf5 23. a3 Nc2 24. Rxc2 Bxc2 25. Ne6 Kg8 26. Bc4 b5 27. Nxb5 Kh8 28. Nxd8 Rxd8 29. Nxd6 Rxd6 30. Bf4 Rd8 31. Bf7 Bf5 32. Bxc7 Rc8 33. Re8+ Rxe8 34. Bxe8 Kg8 35. Bd6 Bg4 36. Kg2 Be2 37. Kg3 Bc4 38. Kf4 a5 39. Ke5 Be2 40.
d5 Bxh5 1-0

[Event "Early-Titled-Tuesday-Blitz-January-23-2024"]
[Site "Chess.com"]
[Date "2024.01.23"]
[Round "5"]
[White "DvaHrasta"]
[Black "jaskol95"]
[Result "1-0"]
[WhiteElo "2433"]
[BlackElo "2548"]
[TimeControl "180+1"]
[EndTime "8:55:23 PST"]
[Termination "DvaHrasta won by resignation"]

1. c4 e5 2. g3 Nf6 3. Bg2 Nc6 4. Nf3 d5 5. cxd5 Nxd5 6. O-O Be6 7. d4 exd4 8. Nxd4 Nxd4 9. Qxd4 c6 10. Nc3 Nxc3 11.
Qxc3 Be7 12. Qxg7 Bf6 13. Qh6 Qd4 14. Be3 Qe5 15. Bf4 Qf5 16. Be4 Qxe4 17. Qxf6 Rg8 18. f3 Qf5 19. Qxf5 Bxf5 20. e4 Be6 21. Rfd1 Rd8 22. b3 Rd7 23. Kf2 Kd8 24. Rxd7+ Kxd7 25. Rd1+ Kc8 26. g4 Rd8 27. Rxd8+ Kxd8 28. Bb8 a5 29. Ke3 b5 30. Kd4 Kd7 31. h3 f6 32.
Ba7 Kc7 33. Bc5 Kd7 34. Bb6 a4 35. bxa4 bxa4 36. a3 Bb3 37. f4 Bd1 38. Ke3 Ke6 39. f5+ Ke7 40. Bc5+ Kf7 41. Kf4 Bb3 42. g5 fxg5+ 43. Kxg5 Bc2 44. e5 h6+ 45. Kf4 Bb3 46. e6+ Kg7 47. Bd4+ Kf8 48. Ke5 Ke8 49. h4 Ke7 50.
Be3 h5 51. Bg5+ Kf8 52. Kd6 c5 53. Kd7 Bxe6+ 54. fxe6 1-0

[Event "Early-Titled-Tuesday-Blitz-January-23-2024"]
[Site "Chess.com"]
[Date "2024.01.23"]
[Round "5"]
[White "Sofia_Blokhin"]
[Black "zurzan"]
[Result "0-1"]
[WhiteElo "2285"]
[BlackElo "2033"]
[TimeControl "180+1"]
[EndTime "8:55:23 PST"]
[Termination "zurzan won on time"]

1. d4 g6 2. e4 Bg7 3. Nc3 c6 4. Bc4 e6 5. Be3 d5 6. exd5 exd5 7. Bd3 Ne7 8. Qd2 Bf5 9. Be2 Qb6 10. O-O-O Na6 11.
g4 Be6 12. a3 O-O-O 13. Na4 Qc7 14. Bxa6 bxa6 15. Nc5 Qb6 16. Qd3 Bxg4 17. f3 Bf5 18. Qxa6+ Qxa6 19. Nxa6 Rhe8 20. Bf4 Rd7 21. Nc5 Rdd8 22.
Ne2 h6 23. Nc3 g5 24. Bg3 Ng6 25. a4 Nf4 26. a5 Ne6 27. N3a4 Nxd4 28. Rhe1 Nxc2 29.
a6 Nxe1 30. Nb6+ axb6 31. a7 Bxb2+ 32. Kxb2 Re2+ 33. Kc3 Rc2+ 34. Kb3 Rxc5 35. a8=Q+ Kd7 36. Qb7+ Ke8 37. Rxe1+ Be6 38. Qxb6 Rc4 39. Rc1 Rxc1 40. Qc7 Rb1+ 41. Kc2 Bf5+ 42. Kd2 Rb2+ 43. Kc3 Rc2+ 44. Kd4 Rd7 45. Qc8+ Ke7 46. Be5 Rc4+ 0-1

[Event "Early-Titled-Tuesday-Blitz-January-23-2024"]
[Site "Chess.com"]
[Date "2024.01.23"]
[Round "5"]
[White "Yushko_Olga"]
[Black "KNVB"]
[Result "0-1"]
[WhiteElo "2182"]
[BlackElo "2758"]
[TimeControl "180+1"]
[EndTime "8:55:24 PST"]
[Termination "KNVB won by resignation"]

1. d4 Nf6 2. c4 e6 3. Nf3 b6 4.
Nc3 Bb7 5. g3 Bb4 6. Bg2 O-O 7.
O-O Bxc3 8. bxc3 d6 9. Qc2 Be4 10. Qb3 c5 11. a4 Nc6 12. Rd1 Na5 13. Qa2 Qe7 14. Rb1 Bxb1 15. Qxb1 Rac8 16. d5 Nxc4 17. dxe6 Qxe6 18. Qa2 h6 19. Ne1 Rfe8 20. Nd3 Qxe2 21. Qxe2 Rxe2 22. Bf1 Ra2 23. Nf4 Rxa4 24. Ng2 Re8 25. Bf4 b5 26. Bxd6 Nxd6 27. Rxd6 Ra1 28. Ne3 Rb8 29. Kg2 b4 30. cxb4 cxb4 31. Rc6 b3 32.
Rc7 Rxf1 33. Nxf1 b2 34. Nd2 b1=Q 35. Nxb1 Rxb1 36. Rxa7 Rb2 37. Kf3 g6 38. Ra6 Kg7 39. Ra8 h5 40. h3 Nd7 41. g4 hxg4+ 42. hxg4 g5 43. Ra5 Kg6 44. Ra6+ f6 45. Ra7 Ne5+ 46. Kg3 Rb3+ 47. Kg2 Nxg4 48. f3 Ne5 49. Kg3 Rxf3+ 0-1

[Event "Early-Titled-Tuesday-Blitz-January-23-2024"]
[Site "Chess.com"]
[Date "2024.01.23"]
[Round "5"]
[White "cthulhuuu"]
[Black "Lady_Nika"]
[Result "0-1"]
[WhiteElo "2440"]
[BlackElo "2569"]
[TimeControl "180+1"]
[EndTime "8:55:24 PST"]
[Termination "Lady_Nika won on time"]

1. e4 e6 2. d3 d5 3. Nd2 Nf6 4. Ngf3 c5 5. g3 Nc6 6. Bg2 d4 7. O-O e5 8. Nc4 Bg4 9. a4 Bd6 10. h3 Bxf3 11. Qxf3 O-O 12. Qe2 Bc7 13. Bd2 Nd7 14.
f4 f6 15. h4 Qe7 16. Bh3 b6 17. Qg4 Rad8 18. h5 Kh8 19. Kg2 a6 20. Rh1 b5 21.
axb5 axb5 22. Na5 Nxa5 23. Bxa5 Nb6 24. h6 gxh6 25. Qe6 Qg7 26. Bxb6 exf4 27. Bxc7 Qxg3+ 28. Kf1 Qf3+ 29. Ke1 Qxh1+ 30. Bf1 Qh4+ 31. Kd1 Ra8 32. Ra6 Rxa6 33. Qxa6 Qf2 34. Bh3 f3 35. Ba5 Qe2+ 36. Kc1 Qh2 37. Qd6 Qxd6 0-1

[Event "Early-Titled-Tuesday-Blitz-January-23-2024"]
[Site "Chess.com"]
[Date "2024.01.23"]
[Round "5"]
[White "CSB7"]
[Black "mac0504"]
[Result "0-1"]
[WhiteElo "2728"]
[BlackElo "2584"]
[TimeControl "180+1"]
[EndTime "8:55:25 PST"]
[Termination "mac0504 won by resignation"]

1. Nf3 g6 2. d4 Bg7 3. e4 d6 4. Be2 Nf6 5. Nc3 O-O 6. O-O Nc6 7. a4 Bg4 8. Be3 Re8 9. h3 Bxf3 10. Bxf3 e5 11. dxe5 dxe5 12. a5 a6 13. Ra4 h6 14.
Qxd8 Raxd8 15. Nd5 Nxd5 16. exd5 Nd4 17. Bxd4 exd4 18.
Rb4 Rb8 19. Rd1 b6 20. axb6 Rxb6 21. Rxb6 cxb6 22. Kf1 Kf8 23. Be2 Rd8 24. Bxa6 Rxd5 25. Bc4 Rc5 26. b3 Ke7 27. Ra1 Ra5 28. Re1+ Re5 29.
Rd1 Ra5 30. Bd3 Re5 31. g3 Kd6 32. h4 g5 33. hxg5 hxg5 34. g4 Ra5 35. Kg2 Be5 36.
Kf3 f6 37. Rh1 Kc5 38. Rh7 Ra1 39. Rc7+ Bxc7 0-1

[Event "Early-Titled-Tuesday-Blitz-January-23-2024"]
[Site "Chess.com"]
[Date "2024.01.23"]
[Round "5"]
[White "lefonghua"]
[Black "Irishchessman16"]
[Result "1/2-1/2"]
[WhiteElo "2617"]
[BlackElo "2497"]
[TimeControl "180+1"]
[EndTime "8:55:26 PST"]
[Termination "Game drawn by repetition"]

1. d4 Nf6 2. c4 e6 3. Nc3 d5 4. cxd5 Nxd5 5. e4 Nxc3 6. bxc3 c5 7. Nf3 cxd4 8. cxd4 Bb4+ 9. Bd2 Bxd2+ 10. Qxd2 O-O 11.
Bc4 Nd7 12. O-O b6 13. Rad1 Bb7 14.
Rfe1 Rc8 15. Bd3 Nf6 16. h4 Qc7 17. d5 exd5 18. e5 Ne4 19. Qf4 f6 20. h5 fxe5 21. Qxe5 Qxe5 22. Nxe5 Nxf2 23. Rd2 Nxd3 24. Nxd3 Rfe8 25.
Red1 Rcd8 26. Nf4 Re5 27. Rc1 Rf8 28. g3 Rg5 29. Kh2 Rgf5 30. Rc7 R8f7 31. Rc3 Rd7 32.
Rd4 Re5 33. Ra3 a6 34. Rb3 Rd6 35. Rb2 Re4 36. Rdd2 d4 37. a4 Re3 38. Rbc2 Re1 39.
g4 Rh1+ 40. Kg3 Rg1+ 41. Kh4 Rf1 42. Rc7 Rxf4 43. Rxb7 h6 44. Ra7 a5 45. Rc2 Rf7 46.
Rc8+ Rf8 47. Rcc7 g5+ 48. Kg3 Rfd8 49. Rg7+ Kf8 50. Rh7 Kg8 51. Rag7+ Kf8 52. Rf7+ Kg8 53. Rhg7+ Kh8 54. Rh7+ Kg8 55. Rfg7+ Kf8 56. Rf7+ Kg8 1/2-1/2

[Event "Early-Titled-Tuesday-Blitz-January-23-2024"]
[Site "Chess.com"]
[Date "2024.01.23"]
[Round "5"]
[White "chess123456s"]
[Black "ChessLebaneseSalah"]
[Result "1-0"]
[WhiteElo "2554"]
[BlackElo "2393"]
[TimeControl "180+1"]
[EndTime "8:55:26 PST"]
[Termination "chess123456s won on time"]

1. d4 d5 2. Nc3 Nf6 3. Bf4 e6 4. Nb5 Na6 5. e3 Be7 6. Nf3 O-O 7. h4 c6 8. Nc3 c5 9. h5 Bd7 10. Ne5 Be8 11. h6 g6 12. a3 cxd4 13. exd4 Rc8 14. Qd2 Qb6 15. O-O-O Qa5 16. Kb1 Bxa3 17. Ne4 Qb6 18. Nxf6+ Kh8 19. b3 Bb4 20. Qe3 Qa5 21. Nc4 dxc4 22. Be5 Bc3 23. Nd5+ f6 24. Qxc3 Qxc3 25. Nxc3 fxe5 26. Bxc4 exd4 27. Rxd4 Nb4 28. f3 b5 29. Nxb5 Bxb5 30. Bxb5 Nxc2 31. Re4 Na3+ 32. Kb2 Nxb5 33. Rxe6 Rfd8 34. Rhe1 Rd2+ 35. Ka1 Rdd8 36. Kb2 a5 37. R6e5 Nd4 38. Rxa5 1-0

[Event "Early-Titled-Tuesday-Blitz-January-23-2024"]
[Site "Chess.com"]
[Date "2024.01.23"]
[Round "5"]
[White "s4p0ud"]
[Black "aghasiyevkamal"]
[Result "1-0"]
[WhiteElo "2510"]
[BlackElo "2620"]
[TimeControl "180+1"]
[EndTime "8:55:27 PST"]
[Termination "s4p0ud won by resignation"]

1. e4 e5 2. Nf3 Nc6 3. d4 exd4 4. Nxd4 Bc5 5. Nb3 Bb6 6. Nc3 Nf6 7. Qe2 O-O 8. Be3 d5 9. O-O-O d4 10. Bg5 dxc3 11.
Rxd8 cxb2+ 12. Kxb2 Rxd8 13. Bxf6 gxf6 14. f4 a5 15. a4 f5 16. e5 Be6 17. Qh5 Nd4 18.
Qg5+ Kf8 19. Nc1 Nc6 20. Bd3 Ne7 21. g4 Bd4+ 22. Kb1 Nd5 23. Ne2 Nc3+ 24. Nxc3 Bxc3 25.
gxf5 Bd5 26. Rg1 c5 27. f6 Ke8 28. Bb5+ Bc6 29. Bxc6+ bxc6 30. Qg8+ Kd7 31. Rd1+ Bd4 32. Qxf7+ Kc8 33. Qe6+ Kc7 34. Qe7+ Rd7 35. Qe6 Rb8+ 36.
Ka2 Rdd8 37. Rb1 Rb4 38. Rxb4 axb4 39. Kb3 Bc3 40. f7 Rd1 41. Qe7+ Kb6 42. a5+ Kb5 43. Qb7+ Kxa5 44. Qa7+ Kb5 45. Qa4+ Kb6 46. f8=Q 1-0

[Event "Early-Titled-Tuesday-Blitz-January-23-2024"]
[Site "Chess.com"]
[Date "2024.01.23"]
[Round "5"]
[White "GMWSO"]
[Black "Fandorine"]
[Result "1-0"]
[WhiteElo "3099"]
[BlackElo "2975"]
[TimeControl "180+1"]
[EndTime "8:55:28 PST"]
[Termination "GMWSO won by resignation"]

1. d4 Nf6 2. c4 g6 3. Nc3 Bg7 4.
e4 d6 5. Nge2 h5 6. f3 O-O 7. Bg5 a6 8. Qd2 b5 9. cxb5 axb5 10.
Nxb5 c6 11. Nbc3 Nbd7 12. Rd1 Qa5 13. Nc1 e5 14. Nb3 Qb4 15. dxe5 dxe5 16. Be2 c5 17. O-O c4 18. Nc1 Rb8 19. b3 Ba6 20. Bxc4 Bxc4 21.
bxc4 Qxc4 22. Nb3 Nb6 23. Rc1 Qb4 24. Rfd1 Nh7 25. Bh4 Nc4 26. Qe2 Nb6 27. Bf2 Rfc8 28. Nd5 Nxd5 29. Rxc8+ Rxc8 30. exd5 Nf6 31. Qxe5 Rc2 32.
Qe1 Qxe1+ 33. Bxe1 Rxa2 34. Nc5 Rc2 35. Bf2 Ne8 36. Ne4 f5 37. d6 Nf6 38. Nxf6+ Bxf6 39.
d7 Bd8 40. h4 Kf7 41. Be3 Rc4 42. Bg5 Bb6+ 43. Kh1 1-0

[Event "Early-Titled-Tuesday-Blitz-January-23-2024"]
[Site "Chess.com"]
[Date "2024.01.23"]
[Round "5"]
[White "Chesstrainer1"]
[Black "DarkAlekhine"]
[Result "0-1"]
[WhiteElo "2512"]
[BlackElo "2709"]
[TimeControl "180+1"]
[EndTime "8:55:28 PST"]
[Termination "DarkAlekhine won on time"]

1. e4 c5 2. Nf3 d6 3. d4 cxd4 4. Nxd4 Nf6 5. Nc3 a6 6. Be2 e5 7. Nb3 Be7 8. g4 h6 9. Be3 Be6 10. h4 d5 11. exd5 Nxd5 12. Nxd5 Qxd5 13. Qxd5 Bxd5 14.
f3 Nc6 15. O-O-O Be6 16. h5 Rc8 17. Kb1 Nb4 18. c3 Nd5 19. Bc1 Bg5 20. Bd3 Bxc1 21.
Nxc1 Nf4 22. Be4 Rc7 23. Rd6 Ke7 24. Rhd1 Rb8 25. Rb6 Bd7 26. Nb3 Ne6 27. Rd5 f6 28. Rd2 Ba4 29. Bf5 Nc5 30. Nxc5 Rxc5 31. Re6+ Kf7 32.
Rb6 Bc6 33. Be4 Bxe4+ 34. fxe4 Ke7 35. Rf2 Rc4 36. Re2 Kd7 37. Kc2 Kc7 38. Rb3 Rd8 39. a3 b5 40. Rb4 Rc5 41. b3 a5 0-1

[Event "Early-Titled-Tuesday-Blitz-January-23-2024"]
[Site "Chess.com"]
[Date "2024.01.23"]
[Round "5"]
[White "vedantgoswami"]
[Black "MalyDominator"]
[Result "1-0"]
[WhiteElo "2324"]
[BlackElo "2521"]
[TimeControl "180+1"]
[EndTime "8:55:28 PST"]
[Termination "vedantgoswami won by resignation"]

1. a3 Nf6 2. h3 g6 3. g3 Bg7 4. Bg2 O-O 5. d3 d6 6. c4 Nc6 7.
Nc3 e5 8. Nf3 Be6 9. e4 h6 10.
Be3 a5 11. Qd2 Kh7 12. g4 Nd7 13. O-O-O Nd4 14. Bxd4 exd4 15. Ne2 c5 16. Nf4 b5 17. cxb5 a4 18. g5 Qb6 19. h4 h5 20. Qc2 Bb3 21. Qd2 Qxb5 22. Nd5 c4 23. dxc4 Qxc4+ 24. Kb1 Nc5 25. Rc1 Ba2+ 26. Ka1 Nb3+ 27. Kxa2 Nxc1+ 28. Kb1 Qa2+ 29. Kxc1 Qa1+ 30. Kc2 d3+ 31. Kxd3 Qa2 32. Nf6+ Bxf6 33. gxf6 Rac8 34. Ke3 Qb3+ 35. Kf4 Rfe8 36. Re1 Rc2 37. Qxd6 Rxf2 38. Kg3 Qxb2 39. Bh3 Kg8 40. e5 Rxf3+ 41. Kxf3 Qc3+ 42. Re3 Qc1 43. e6 Qh1+ 44. Bg2 Qxh4 45. exf7+ Kxf7 46. Qd7+ Kxf6 47. Qxe8 Qg4+ 48. Kf2 Qf4+ 49. Rf3 1-0

[Event "Early-Titled-Tuesday-Blitz-January-23-2024"]
[Site "Chess.com"]
[Date "2024.01.23"]
[Round "5"]
[White "artooon"]
[Black "SAInt_666"]
[Result "1-0"]
[WhiteElo "2970"]
[BlackElo "2682"]
[TimeControl "180+1"]
[EndTime "8:55:29 PST"]
[Termination "artooon won by resignation"]

1. e4 c5 2. Nf3 d6 3. d4 cxd4 4. Nxd4 Nf6 5. Nc3 Nc6 6. Bg5 e6 7. Qd3 Bd7 8. O-O-O a6 9. Qg3 h6 10. Nxc6 Bxc6 11. Bxf6 Qxf6 12. f4 g5 13. f5 Qe5 14.
Qxe5 dxe5 15. fxe6 fxe6 16. Be2 Bc5 17. Rd3 Rd8 18.
Rh3 Ke7 19. Bf3 b5 20. Ne2 Rdg8 21. g4 Rf8 22. Rd1 b4 23. Kb1 Rf6 24. Nc1 a5 25. Nd3 Bd6 26. Bg2 a4 27. Re3 Rc8 28. Re2 Rff8 29.
Red2 Rfd8 30. h3 a3 31. b3 Bb5 32. Bf1 Bc6 33. Bg2 Rb8 34. Ne1 Bc7 35. Rxd8 Bxd8 36. Nd3 Bc7 37. c4 bxc3 38. Kc2 Bd6 39. Nc1 Rf8 40.
Nd3 Bb5 41. Kxc3 Rc8+ 42. Kd2 Bxd3 43. Kxd3 Bb4 1-0

[Event "Early-Titled-Tuesday-Blitz-January-23-2024"]
[Site "Chess.com"]
[Date "2024.01.23"]
[Round "5"]
[White "VladimirKramnik"]
[Black "Duhless"]
[Result "1-0"]
[WhiteElo "2940"]
[BlackElo "3118"]
[TimeControl "180+1"]
[EndTime "8:55:30 PST"]
[Termination "VladimirKramnik won by checkmate"]

1. e4 e5 2. Nf3 Nc6 3. Bc4 Nf6 4. d3 Be7 5. O-O O-O 6. Re1 d6 7. a3 h6 8. Nbd2 Re8 9. b4 Bf8 10. Bb2 a6 11. h3 Ne7 12. d4 Ng6 13. dxe5 dxe5 14.
Bf1 b5 15. c4 c5 16. cxb5 axb5 17. Bxb5 Bd7 18. Bxd7 Qxd7 19. Bc3 cxb4 20. Bxb4 Ra4 21. Bxf8 Rxf8 22. Qb3 Rfa8 23. Nc4 Qe6 24. Nfd2 Nf4 25.
Nb6 Rxa3 26. Rxa3 Rxa3 27. Qxa3 Qxb6 28. Nc4 Qd4 29. Nd6 Nd3 30. Re3 Nf4 31. Qa8+ Kh7 32. Nxf7 Qd1+ 33. Kh2 Ne2 34. Rxe2 Qxe2 35. Qh8+ Kg6 36.
Nxe5+ Kh5 37. Qxg7 Qxf2 38. Qg6+ Kh4 39. Nf3+ Qxf3 40.
gxf3 Nh5 41. Qg4# 1-0

[Event "Early-Titled-Tuesday-Blitz-January-23-2024"]
[Site "Chess.com"]
[Date "2024.01.23"]
[Round "5"]
[White "Ducke13"]
[Black "ChessBliss09"]
[Result "0-1"]
[WhiteElo "2291"]
[BlackElo "2119"]
[TimeControl "180+1"]
[EndTime "8:55:30 PST"]
[Termination "ChessBliss09 won on time"]

1. d4 Nf6 2. g3 d5 3. Nf3 c5 4. Bg2 Nc6 5. O-O e6 6. c4 dxc4 7. dxc5 Qxd1 8. Rxd1 Bxc5 9. Nbd2 O-O 10. Nxc4 b5 11.
Nfe5 Nxe5 12. Nxe5 Rb8 13. Nc6 Rb6 14. b4 Bxf2+ 15.
Kxf2 Bb7 16. Ne7+ Kh8 17. Be3 Ng4+ 18. Kg1 Nxe3 19. Bxb7 Nxd1 20. Bf3 Ne3 21. Rc1 Nc4 22. a4 a6 23. a5 Rd6 24. Kf2 Re8 25. Nc6 Rc8 26. Ne5 Kg8 27. Nd3 f6 28. Nc5 Kf7 29. Bb7 Rc7 30. Bf3 Ne5 31. Be4 f5 32. Bg2 Nd7 33.
Rc3 Nxc5 34. bxc5 Rd4 35. c6 e5 36. Rc5 Kf6 37. Bd5 Ra4 38. Bg8 Rxa5 39. Bxh7 Ra1 40. Bg8 Rd1 41. Bd5 b4 42. h4 Rb1 43. e4 b3 44. Ra5 b2 0-1

[Event "Early-Titled-Tuesday-Blitz-January-23-2024"]
[Site "Chess.com"]
[Date "2024.01.23"]
[Round "5"]
[White "simonachess"]
[Black "Alen_Yeremyann"]
[Result "1-0"]
[WhiteElo "2347"]
[BlackElo "2755"]
[TimeControl "180+1"]
[EndTime "8:55:31 PST"]
[Termination "simonachess won by resignation"]

1. d4 Nf6 2. c4 g6 3. Nc3 d5 4. cxd5 Nxd5 5. Bd2 Bg7 6. e4 Nxc3 7.
Bxc3 O-O 8. Nf3 c5 9. d5 Bxc3+ 10. bxc3 e5 11. Qd2 Qd6 12. h4 Bg4 13. h5 Bxf3 14.
gxf3 Qf6 15. Qe3 Nd7 16. Bh3 Nb6 17. Bf1 Rad8 18. a4 Nc8 19. a5 Nd6 20. Be2 b6 21. axb6 axb6 22. hxg6 fxg6 23. Kd2 Rf7 24. Ra6 Rfd7 25.
Kc2 Nf7 26. Qxc5 Rxd5 27. Qc4 Rd2+ 28. Kb3 b5 29. Rxf6 bxc4+ 30. Bxc4 Rb8+ 31. Ka4 Rdb2 32. Ka3 R2b7 33. Rxf7 Rxf7 34. Bxf7+ Kxf7 35. Rxh7+ Kf6 36. Rd7 Ke6 37. Rg7 Kf6 38. Rc7 Rb1 39. Rd7 Ke6 40.
Rd3 Rc1 41. Kb2 Rf1 42. c4 Rxf2+ 43. Kb3 g5 44. c5 Rf1 45. Kb4 Rh1 46. Kb5 Rh3 47.
c6 Rh1 48. Kb6 Rb1+ 49. Kc7 Rc1 50. Kb7 Rb1+ 51. Kc8 Rc1 52. c7 Rh1 53. Rb3 Rh7 54. Kb8 1-0

[Event "Early-Titled-Tuesday-Blitz-January-23-2024"]
[Site "Chess.com"]
[Date "2024.01.23"]
[Round "5"]
[White "FoxOnTheRun97"]
[Black "verrbaa"]
[Result "0-1"]
[WhiteElo "2607"]
[BlackElo "2503"]
[TimeControl "180+1"]
[EndTime "8:55:32 PST"]
[Termination "verrbaa won by resignation"]

1. d4 Nf6 2. Bg5 d5 3. Nd2 e6 4. e3 Be7 5. Bd3 O-O 6. f4 c5 7. c3 Nc6 8. Ngf3 b6 9. O-O Bb7 10. Ne5 Nxe5 11. fxe5 Ne4 12. Bxe7 Qxe7 13. Nxe4 dxe4 14.
Bc4 Rac8 15. Rc1 Qg5 16. Qe2 h6 17. Rfe1 Rfd8 18. Bb3 Rc7 19. Rcd1 cxd4 20. exd4 e3 21. g3 Qf5 22. Qxe3 b5 23. Rd2 b4 24. Bc2 Qh3 25. Rf2 bxc3 26. bxc3 Rdc8 27. Be4 Rxc3 28. Qf4 Bxe4 29.
Qxe4 Rc1 30. Re2 Rxe1+ 31. Rxe1 g6 32. Qf3 Rc2 33. Re2 Rc1+ 34. Kf2 Rf1+ 35. Ke3 Rxf3+ 36. Kxf3 Qf5+ 37. Kg2 Qd3 38. Rf2 Qxd4 39. h4 Qxe5 40. Rf4 h5 41. a4 a5 42. Kf3 Kg7 43. Kf2 Qb2+ 44. Kf3 e5 45. Re4 Qc3+ 46. Re3 Qd4 47. Re4 Qd5 48. Ke3 f5 49. Rxe5 Qxe5+ 0-1

[Event "Early-Titled-Tuesday-Blitz-January-23-2024"]
[Site "Chess.com"]
[Date "2024.01.23"]
[Round "5"]
[White "Ural_bogatyr"]
[Black "samirliberec"]
[Result "0-1"]
[WhiteElo "2525"]
[BlackElo "2366"]
[TimeControl "180+1"]
[EndTime "8:55:33 PST"]
[Termination "samirliberec won on time"]

1. d4 Nf6 2. Nc3 c5 3. dxc5 e6 4. e4 Bxc5 5. e5 Qb6 6. Nh3 Nd5 7. Nxd5 exd5 8. Qxd5 O-O 9. Qb3 Qc6 10. Qf3 d5 11. Bf4 Bf5 12. Bd3 Bb4+ 13. c3 Be4 14.
Bxe4 dxe4 15. Qg3 Be7 16. O-O Nd7 17. Rad1 Rad8 18. Ng5 Nc5 19. Be3 Bxg5 20. Bxg5 Rd3 21. Be3 Rfd8 22. Bd4 Rxd1 23. Rxd1 Ne6 24. h4 Qc4 25. h5 Qe2 26. Rf1 Qxh5 27. Qe3 Qg4 28. Re1 Nf4 29. Qxe4 Re8 30. g3 Nh3+ 31. Kg2 Qh5 32.
Rh1 Nxf2 33. Rxh5 Nxe4 34. Rh1 b6 35. a4 Ng5 36. a5 Ne6 37. axb6 axb6 38. Bxb6 Rb8 0-1